Map: Cyber Forest LE

Players

kemachi - Winner!

  • Race: Terran Terran
  • League: Diamond
  • Spawn Location: 11:00

DeadRa

  • Race: Zerg Zerg
  • League: Diamond
  • Spawn Location: 5:00

VOD

Have the link to the VOD?

Description

Time

  • Played on: March 9, 2019, 7:34 a.m.
  • Length: 12:25
Show
View Real Time Build Order
Export as new Build Order

kemachi Terran - Winner!

Build Orders: Reaper Expand 

Get SALT Encoding   

  12  0:00  SCV  
  13  0:13  SCV  
  14  0:17  Supply Depot  
  14  0:25  SCV  
  15  0:39  SCV  
  15  0:40  Barracks  
  16  0:44  Refinery  
  16  0:51  SCV  
  17  1:03  SCV  
  18  1:15  SCV  
  19  1:27  Reaper  
  19  1:28  Orbital Command  
  19  1:29  Supply Depot  
  20  1:54  Command Center  
  20  1:58  SCV  
  22  2:09  Factory  
  22  2:12  SCV  
  22  2:24  SCV  
  22  2:26  Barracks Reactor  
  23  2:36  SCV  
  24  2:48  SCV  
  24  2:51  Refinery  
  25  2:52  Supply Depot  
  25  3:00  SCV  
  26  3:14  Orbital Command, Barracks Reactor  
  26  3:16  SCV  
  26  3:19  Hellion x2  
  30  3:24  Barracks  
  30  3:28  SCV, Starport  
  30  3:41  Hellion x2, SCV  
  35  3:58  Marine x2  
  35  4:02  Hellion  
  31  4:10  Hellion  
  31  4:13  Starport Reactor  
  30  4:17  Barracks Tech Lab  
  30  4:25  Hellion  
  32  4:33  Marine x2  
  32  4:36  Stimpack  
  32  4:37  Marine  
  37  4:53  Hellion x2  
  37  4:55  Marine x3  
  37  4:58  Orbital Command  
  42  5:11  Bunker  
  35  5:14  Marine x2  
  34  5:26  SCV x2  
  36  5:30  Medivac x2  
  36  5:32  Hellion x2  
  36  5:33  Marine x3  
  47  5:38  SCV x2  
  49  5:50  SCV x2  
  49  5:51  Marine, Engineering Bay  
  49  5:55  Engineering Bay  
  49  5:56  Supply Depot  
  52  6:02  SCV x2  
  54  6:16  Marine x3  
  54  6:17  Supply Depot, Medivac x2  
  54  6:18  Supply Depot  
  57  6:40  Marine x3  
  57  6:44  Terran Infantry Weapons Level 1, Terran Infantry Armor Level 1  
  57  6:45  SCV  
  57  6:46  SCV  
  62  6:57  Barracks  
  62  6:58  SCV, Command Center, Supply Depot  
  63  7:06  Combat Shield  
  63  7:07  Marine x3  
  66  7:09  Medivac  
  66  7:11  Medivac  
  66  7:25  Marine x3  
  69  7:30  SCV  
  69  7:31  SCV  
  69  7:36  Supply Depot  
  71  7:43  SCV, Marine  
  73  7:44  Armory  
  73  7:46  Marine  
  73  7:51  SCV  
  75  7:54  Refinery x2  
  75  7:55  Barracks Reactor, SCV  
  76  7:59  Marine  
  76  8:00  Medivac  
  76  8:01  Medivac  
  76  8:02  Widow Mine x2  
  85  8:13  Marine  
  85  8:14  Marine  
  85  8:17  Marine  
  85  8:18  Orbital Command  
  88  8:20  SCV x2  
  88  8:25  Supply Depot  
  86  8:32  SCV  
  81  8:35  Marine x3  
  84  8:45  SCV  
  84  8:46  SCV x2  
  87  8:52  Marine  
  87  8:53  Marine x2  
  87  8:54  Marine  
  91  8:57  Widow Mine x2  
  91  8:58  SCV, Medivac x2  
  100  9:10  Marine x3  
  100  9:11  Marine  
  103  9:18  Marine  
  102  9:28  Marine x2  
  102  9:29  Marine  
  58  9:46  Marine  
  49  10:12  Orbital Command  
  49  11:02  Orbital Command  
Show
View Real Time Build Order
Export as new Build Order

DeadRa Zerg 

Build Orders: Hatch First 

Get SALT Encoding   

  12  0:02  Drone  
  13  0:12  Overlord  
  13  0:17  Drone  
  14  0:30  Drone x2  
  16  0:38  Drone  
  17  0:53  Hatchery  
  16  0:58  Drone, Extractor  
  16  1:05  Drone  
  17  1:16  Spawning Pool  
  16  1:23  Drone x2  
  18  1:30  Drone  
  20  1:40  Drone  
  20  1:51  Overlord  
  20  2:06  Metabolic Boost  
  20  2:16  Queen  
  20  2:18  Hatchery  
  21  2:25  Queen  
  21  2:29  Zergling x2  
  23  2:33  Zergling x2  
  23  2:36  Zergling x2  
  24  2:46  Zergling x6  
  25  2:59  Drone  
  25  3:00  Drone x3  
  29  3:08  Drone x2  
  31  3:19  Drone x2  
  33  3:25  Drone  
  33  3:26  Drone  
  35  3:29  Zergling x2  
  35  3:30  Zergling x4  
  35  3:31  Overlord  
  38  3:38  Drone x3  
  40  3:55  Zergling x2  
  40  3:56  Zergling x8  
  40  4:01  Zergling x4  
  47  4:03  Queen  
  47  4:16  Drone  
  48  4:17  Drone x2  
  48  4:19  Overlord x2  
  49  4:29  Drone  
  50  4:33  Overlord x3  
  50  4:46  Drone x4, Burrow  
  50  4:47  Drone x2  
  50  4:52  Drone x3  
  59  4:55  Spore Crawler  
  59  4:59  Spore Crawler  
  57  5:02  Spore Crawler  
  54  5:08  Zergling x6  
  54  5:09  Zergling x2  
  54  5:10  Zergling x2  
  55  5:20  Drone  
  55  5:21  Drone x5  
  56  5:24  Lair  
  56  5:30  Extractor  
  56  5:32  Drone x4, Extractor  
  58  5:44  Evolution Chamber  
  58  5:45  Evolution Chamber  
  58  5:47  Drone x3  
  59  6:11  Extractor, Zerg Melee Weapons Level 1  
  58  6:17  Extractor  
  58  6:18  Extractor  
  56  6:24  Spire  
  54  6:28  Zergling x2  
  54  6:29  Zergling x22  
  61  6:37  Drone  
  61  6:38  Drone x3  
  64  6:44  Drone x2  
  66  7:02  Drone x6  
  72  7:19  Zergling x2  
  72  7:20  Zergling x18  
  82  7:26  Spine Crawler x2  
  82  7:27  Spine Crawler x2  
  82  7:29  Zergling x2  
  79  7:30  Zergling x4  
  79  7:35  Zergling x2  
  79  7:36  Zergling x6  
  89  7:51  Overlord  
  89  7:52  Overlord x3  
  89  8:12  Mutalisk  
  88  8:13  Mutalisk x8  
  104  8:29  Mutalisk x3  
  104  8:30  Mutalisk  
  104  8:53  Baneling Nest  
  103  9:04  Hatchery  
  100  9:15  Hatchery  
  100  9:16  Zergling x10  
  100  9:17  Zergling x12  
  75  9:40  Mutalisk  
  75  9:41  Mutalisk x8  
  66  10:06  Hatchery  
  62  10:18  Spawning Pool  
  55  10:54  Spawning Pool  
  41  11:24  Drone  
  41  11:25  Drone x2  
  38  11:28  Hatchery  
  29  11:40  Drone  
  29  11:42  Drone x3  
  31  11:53  Drone  
  34  11:54  Drone x4  
  36  12:05  Drone x3  
Tags
 
Add a new tag
Caveats
  • Supply blocks, unpowered buildings, or Contaminate may cause inaccurate times.
  • Supply counts are checked every 10 seconds.